 Dungeon Crawl Stone Soup version 0.32-a0-747-gc8563f6773 (webtiles) character file.

Game seed: 16262519306214332279

48 ezpacito the Trooper (level 3, 0/29 HPs)
             Began as a Coglin Chaos Knight on Mar 17, 2024.
             Was a Plaything of Xom.
             Succumbed to an adder's poison
             ... on level 1 of the Dungeon.
             The game lasted 00:00:50 (765 turns).

ezpacito the Trooper (Coglin Chaos Knight)           Turns: 765, Time: 00:00:50

Health: 0/29       AC:  5    Str: 13    XL:     3   Next: 72%
Magic:  3/3        EV: 10    Int: 10    God:    Xom [..*...]
Gold:   65         SH:  0    Dex: 17    Spells: 2/2 levels left

rFire   . . .        a - +0 hand axe (chaos) {Ning}
rCold   + . .        h - +2 whip (drain) {Nittaya}
rNeg    . . .        b - +2 leather armour
rPois   .            (no helmet)
rElec   .            (no cloak)
rCorr   .            (no gloves)
SInv    .            (no boots)
Will    .....        (amulet unavailable)
Stlth   ++           (ring unavailable)
HPRegen 0.24/turn    (ring unavailable)
MPRegen 0.08/turn    (no gizmo)

%: no passive effects
@: lethally poisoned (0 -> -11), revved
A: off-hand wielding, slow wielding, warmup strikes, no jewellery, agile 1, cold
resistance 1
a: Invent Gizmo, Renounce Religion


You were on level 1 of the Dungeon.
You worshipped Xom.
You were a toy of Xom.
You visited 1 branch of the dungeon, and saw 2 of its levels.

You collected 65 gold pieces.

Inventory:

Hand Weapons
 a - a +0 hand axe of chaos (weapon) {Ning}
 h - a +2 whip of draining (offhand) {Nittaya}
Armour
 b - a +2 leather armour (worn)
Scrolls
 d - a scroll of poison {unknown}
 f - a scroll of blinking {unknown}


   Skills:
 * Level 3.3 Fighting
 * Level 3.2(3.3) Axes
 + Level 0.9(2.1) Polearms
 * Level 2.2 Armour
 * Level 1.4 Dodging
 + Level 0.6 Stealth
 + Level 0.1 Spellcasting


You had 2 spell levels left.
You didn't know any spells.
Your spell library was empty.

Dungeon Overview and Level Annotations

Branches:
Dungeon (2/15)

Altars:

Annotations:
D:2 Robin


Innate Abilities, Weirdness & Mutations

You can wield a second weapon in your off-hand.
It takes a long time for you to wield or remove held weapons.
Your first few attacks do less damage.
You cannot equip rings or amulets.
You are agile. (Dex +4, Str/Int -1)
Your flesh is cold resistant. (rC+)


Message History

The hobgoblin closely misses you. The rat bites you but does no damage.
You take 7 damage, and have 12/29 hp.
MASSIVE DAMAGE!!
You whack the hobgoblin with your +2 whip of draining!
You kill the hobgoblin!
You hit the adder with your +0 hand axe of chaos.
The adder seems to slow down.
You freeze the adder.
You closely miss the adder with your +0 hand axe of chaos.
You hit the ball python with your +0 hand axe of chaos.
You kill the ball python!
You hit the rat with your +0 hand axe of chaos.
You feel better.
You kill the rat!
You feel very sick. The adder closely misses you.
The adder bites you but does no damage.
You take 2 damage, and have 10/29 hp.
It was a potion of mutation.
You feel extremely strange.
You feel resistant to cold.
Xom is mildly amused.
You feel agile.
Xom is mildly amused.
Xom roars with laughter!
* * * LOW HITPOINT WARNING * * *
You feel very sick. The adder closely misses you. The adder barely misses you.
You take 3 damage, and have 7/29 hp.
You whack the adder with your +2 whip of draining!
The adder is severely wounded.
You barely miss the adder with your +0 hand axe of chaos.
You hit the adder with your +0 hand axe of chaos.
You burn the adder.
* * * LOW HITPOINT WARNING * * *
You feel sick. The adder bites you.
* * * LOW HITPOINT WARNING * * *
You are more poisoned.
The adder poisons you! The adder closely misses you. The adder misses you.
You take 4 damage, and have 3/29 hp.
As you read the scroll of butterflies, it crumbles to dust.
You hear the flapping of tiny wings.
The adder is knocked back by the sudden gust. x2
You die...
Xom cackles wildly!

#........##.##.#÷.#.#..######
###.#######.##....#.####
#†#######.##...##.#
#.......#.##...##.#
##......#.##......#
#..÷b..#.....##..#
########......####.###..#
...........b..bbb#b###..#
.####......bb.bb@bb.S...# .#
#......÷.bbbb######.# .#
#......b..bbb# #.# .#
#....###bbb.S# #.# .# #....#
#..b..######.# .# #....#
#.....b......# .# #....#
#....######### ## ######
#....# #############


You could see 2 adders.

Vanquished Creatures
  A dart slug (D:1)
  6 ball pythons (D:1)
  3 endoplasms
  2 giant cockroaches (D:1)
  10 goblins
  4 hobgoblins (D:1)
  A quokka (D:1)
  2 bats (D:1)
  8 frilled lizards (D:1)
  4 kobolds (D:1)
  A rat (D:1)
42 creatures vanquished.

Notes
Turn   | Place    | Note
-------+----------+-------------------------------------------
     0 | D:1      | ezpacito the Coglin Chaos Knight began the quest for the
                  | Orb.
     0 | D:1      | Reached XP level 1. HP: 18/18 MP: 1/1
    32 | D:1      | Reached skill level 1 in Dodging
    37 | D:1      | XOM: smoke on damage
   171 | D:1      | Reached XP level 2. HP: 22/24 MP: 2/2
   434 | D:1      | XOM: noise
   460 | D:1      | Reached XP level 3. HP: 29/29 MP: 3/3
   746 | D:2      | Noticed Robin
   763 | D:1      | Gained mutation: Your flesh is cold resistant. (rC+)
                  | [potion of mutation]
   763 | D:1      | Gained mutation: You are agile. (Dex +4, Str/Int -1)
                  | [potion of mutation]
   765 | D:1      | Succumbed to an adder's poison

Illustrated notes

Levels and vault maps discovered:
D:1:      amcnicky_arrival_abandoned_market, layout_basic, minmay_lizard_pond
D:2:      layout_rooms, ebering_ecumenical_altar_ruins, uniq_robin, uniq_jessica

Skill      XL: |  1  2 |
---------------+-------+-----
Dodging        | 1 |  1.4
Armour         | 2 |  2.2
Fighting       | |  3.3
Axes           | |  3.2
Polearms       | |  0.9
Stealth        | |  0.6
Spellcasting   | |  0.1

Action                     || total
---------------------------++-------
  Melee: Hand axe          ||    48
         Dagger            ||    29
         Whip              ||    15
    Use: Scroll            ||     1
         Potion            ||     1
 Armour: Leather armour    ||    39
  Dodge: Dodged            ||    52

Table legend: (Time is in decaauts)
 A = Elapsed time spent in this place.
 B = Non-inter-level travel time spent in this place.
 C = Inter-level travel time spent in this place.
 D = Time resting spent in this place.
 E = Time spent auto-exploring this place.
 F = Levels seen in this place.
 G = Mean time per level.
                   A        B        C        D        E       F      G
               +--------+--------+--------+--------+--------+-----+--------+
         Total |    769 |    741 |     28 |      0 |    582 |   2 |  384.5 |
       Dungeon |    769 |    741 |     28 |      0 |    582 |   2 |  384.5 |
               +--------+--------+--------+--------+--------+-----+--------+

Top non-repeatable levels by time:
     D:1: 759 daAuts
     D:2: 10 daAuts
